 Dungeon Crawl Stone Soup version 0.28.0-43-g3370ac3207 (webtiles) character file.

Game seed: 1204915728236804083

1 crimpus the Vexing (level 1, -5/12 HPs)
             Began as a Kobold Arcane Marksman on Mar 27, 2022.
             Slain by a gnoll
             ... wielding a +0 flail
              (8 damage)
             ... on level 1 of the Dungeon.
             The game lasted 00:00:16 (68 turns).

crimpus the Vexing (Kobold Arcane Marksman)           Turns: 68, Time: 00:00:17

Health: -5/12      AC:  2    Str:  7    XL:     1   Next: 22%
Magic:  2/2        EV: 15    Int: 14    God:
Gold:   0          SH:  0    Dex: 15    Spells: 1/2 levels left

rFire   . . .      SeeInvis .   a - +0 hand crossbow
rCold   . . .      Faith    .   (no shield)
rNeg    . . .      Spirit   .   d - +0 robe
rPois   .          Reflect  .   (no helmet)
rElec   .          Harm     .   (no cloak)
rCorr   .          Rampage  .   (no gloves)
Will    .....                   (no boots)
Stlth   ++........              (no amulet)
HPRegen 0.04/turn               (no ring)
MPRegen 0.08/turn               (no ring)

@: no status effects
A: small, no large weapons, nightstalker 3
a: no special abilities


You were on level 1 of the Dungeon.
You visited 1 branch of the dungeon, and saw 1 of its levels.

Inventory:

Hand Weapons
 a - a +0 hand crossbow (weapon)
Missiles
 c - 16 bolts (quivered ammo)
Armour
 d - a +0 robe (worn)


   Skills:
 + Level 1.1 Fighting
 + Level 2.4 Crossbows
 + Level 2.4 Dodging
 + Level 1.1 Spellcasting
 - Level 3.1 Hexes


You had one spell level left.
You knew the following spells:

 Your Spells              Type           Power      Damage    Failure   Level
a - Slow                  Hex            36%        N/A       8%          1

Your spell library contained the following spells:

 Spells                   Type           Power      Damage    Failure   Level
 Inner Flame              Hex/Fire       5%         N/A       38%         3
 Portal Projectile        Hex/Tloc       10%        N/A       38%         3
 Cause Fear               Hex            4%         N/A       58%         4


Dungeon Overview and Level Annotations

Branches:
Dungeon (1/15)

Altars:


Innate Abilities, Weirdness & Mutations

You are small and have problems with some larger weapons.
You are completely attuned to the shadows.


Message History

A gnoll comes into view. It is wielding a +0 flail.
A gnoll is nearby!
A gnoll is nearby!
Your line of fire to the gnoll is blocked by a plant.
Continue anyway? [Y]es or [N]o only, please.
Your line of fire to the gnoll is blocked by a plant.
Continue anyway? [Y]es or [N]o only, please.
Your line of fire to the gnoll is blocked by a plant.
Continue anyway? [Y]es or [N]o only, please.
Your line of fire to the gnoll is blocked by a plant.
Continue anyway?
Okay, then.
Your line of fire to the gnoll is blocked by a plant.
Continue anyway? [Y]es or [N]o only, please.
Your line of fire to the gnoll is blocked by a plant.
Continue anyway? [Y]es or [N]o only, please.
Your line of fire to the gnoll is blocked by a plant.
Continue anyway?
Okay, then.
You shoot a bolt. The bolt hits the gnoll.
The gnoll shouts!
The gnoll is moderately wounded.
You hear a shout!
You hear an angry hiss.
You shoot a bolt.
The bolt hits the gnoll but does no damage.
The gnoll is moderately wounded.
You shoot a bolt.
The bolt hits the gnoll but does no damage.
The gnoll is moderately wounded.
The gnoll hits you with a +0 flail!
Ouch! That really hurt!
* * * LOW HITPOINT WARNING * * *
You are too injured to fight recklessly!
You are too injured to fight recklessly!
Fire: 17 bolts
Press: ? - help, Q - select action, (/) - cycle Shift-Dir - straight line, f/p - gnoll
Aim: a gnoll, wielding a +0 flail (moderately wounded, 66% to hit)
You shoot a bolt. The bolt hits the gnoll!
The gnoll is almost dead.
The gnoll hits you with a +0 flail!
Ouch! That really hurt!
You die...

....P.# ....P.#
...(P.##
PP..g..#
.PPP@..#####
...........#
..+........# #
#........#
#........##
+.........###
...........
......##########
#####.(...#.#..#


You could see a gnoll.

Vanquished Creatures
  A giant cockroach (D:1)
1 creature vanquished.

Notes
Turn   | Place    | Note
-------+----------+-------------------------------------------
     0 | D:1      | crimpus the Kobold Arcane Marksman began the quest for the
                  | Orb.
     0 | D:1      | Reached XP level 1. HP: 12/12 MP: 2/2
    68 | D:1      | Slain by a gnoll

Illustrated notes

Levels and vault maps discovered:
D:1:      dpeg_arrival_signposts, layout_basic,
          hellmonk_ecumenical_altar_blasted, hex_medium,
          chequers_serial_rivers_room_b, nicolae_grassy_gnolls

Action                   || total
-------------------------++-------
 Fire: Hand crossbow     ||     6
